 Dungeon Crawl Stone Soup version 0.22-a0-422-g9628fc8 (webtiles) character file.

63 raistware the Magician (level 3, 0/24 HPs)
             Began as a Mummy Wizard on May 17, 2018.
             Slain by an adder (2 damage)
             ... on level 2 of the Dungeon.
             The game lasted 00:04:35 (1460 turns).

raistware the Magician (Mummy Wizard)               Turns: 1460, Time: 00:04:36

Health: 0/24       AC:  2    Str: 10    XL:     3   Next: 87%
Magic:  0/8        EV: 12    Int: 18    God:
Gold:   20         SH:  0    Dex: 10    Spells: 2/10 levels left

rFire    x . .     SeeInvis .   (no weapon)
rCold    + . .     Gourm    .   (no shield)
rNeg     + + +     Faith    .   a - +0 robe
rPois    ∞         Spirit   .   b - +0 hat
rElec    .         Reflect  .   (no cloak)
rCorr    .         Harm     .   (no gloves)
MR       .....                  (no boots)
Stlth    ++........             (no amulet)
HPRegen  0.08/turn              g - ring of wizardry
MPRegen  0.11/turn              (no ring)

@: no status effects
A: no food or potions, fire vulnerability, cold resistance 1, negative energy
resistance 3, torment resistance, unbreathing
a: no special abilities


You were on level 2 of the Dungeon.
You were not hungry.

You visited 1 branch of the dungeon, and saw 2 of its levels.

You collected 20 gold pieces.

Inventory:

Armour
 a - a +0 robe (worn)
 b - a +0 hat (worn)
 h - a +2 hat
Jewellery
 g - a ring of wizardry (left hand)
Scrolls
 d - a scroll of identify
 e - 2 scrolls of teleportation {unknown}


   Skills:
 - Level 1.5 Dodging
 - Level 1.5 Stealth
 + Level 4.3 Spellcasting
 + Level 2.5 Conjurations
 - Level 1.0 Summonings
 - Level 1.0 Translocations
 + Level 0.6 Fire Magic


You had 2 spell levels left.
You knew the following spells:

 Your Spells              Type           Power        Failure   Level  Hunger
a - Magic Dart            Conj           ##..         1%          1    N/A
b - Blink                 Tloc           N/A          6%          2    N/A
c - Call Imp              Summ           #.......     6%          2    N/A
d - Conjure Flame         Conj/Fire      #.......     9%          3    N/A

Your spell library contained the following spells:

 Spells                   Type           Power        Failure   Level  Hunger
 Slow                     Hex            #.......     9%          2    N/A
 Mephitic Cloud           Conj/Pois/Air  #.......     12%         3    N/A

Dungeon Overview and Level Annotations

Branches:
Dungeon (2/15)

Altars:


Innate Abilities, Weirdness & Mutations

You do not eat or drink.
Your flesh is vulnerable to fire.
You are immune to poison.
Your flesh is cold resistant. (rC+)
You are immune to negative energy. (rN+++)
You are immune to unholy pain and torment.
You can survive without breathing.


Message History

It is a scroll of identify.
h - a +2 hat The adder bites you.
* * * LOW HITPOINT WARNING * * *
The adder closely misses you.
As you read the scroll labeled PEIRIA MEZIPLIPN, it crumbles to dust.
It is a scroll of enchant weapon.
You aren't carrying any weapons that can be enchanted.
The adder bites you.
* * * LOW HITPOINT WARNING * * *
Okay, then.
Casting: Magic Dart (safe; 1% risk of failure)
Confirm with . or Enter, or press ? or * to list all spells.
Aiming: Magic Dart (safe; 1% risk of failure)
Press: ? - help, Shift-Dir - straight line, f/p - adder
Aim: an adder (moderately wounded)
The magic dart hits the adder.
The adder is severely wounded.
The adder bites you.
You die...

.!######.g.#.............
.. #..##...)..#.###
#...##........# #
#...##<.....#.###.#
#...##............#
#...##...........#
######.....(.....#
#....S......#
#....@.###### ########


You could see an adder.

Vanquished Creatures
  2 adders (D:2)
  A worm (D:2)
  2 dart slugs (D:1)
  A leopard gecko (D:1)
  4 bats
  2 giant cockroaches
  6 goblins
  A hobgoblin (D:2)
  6 kobolds
  A quokka (D:2)
  A ball python (D:1)
  2 frilled lizards (D:2)
  9 rats
38 creatures vanquished.

Notes
Turn   | Place    | Note
-------+----------+-------------------------------------------
     0 | D:1      | raistware the Mummy Wizard began the quest for the Orb.
     0 | D:1      | Reached XP level 1. HP: 13/13 MP: 5/5
     7 | D:1      | Reached skill level 1 in Conjurations
   150 | D:1      | Reached XP level 2. HP: 19/19 MP: 2/7
   154 | D:1      | Learned a level 2 spell: Blink
   157 | D:1      | Learned a level 2 spell: Call Imp
  1036 | D:2      | Reached skill level 1 in Summonings
  1036 | D:2      | Reached skill level 1 in Translocations
  1036 | D:2      | Reached XP level 3. HP: 24/24 MP: 3/8
  1041 | D:2      | Learned a level 3 spell: Conjure Flame
  1460 | D:2      | Slain by an adder

Vault maps used:
D:1:      minmay_arrival_four_circles, hangedman_abyss_or_decor_lesser_grid,
          hex_large, hangedman_decor_lopped
D:2:      dancing_weapons_uskayaw, kennysheep_small_spiral

Skill      XL: |  1  2 |
---------------+-------+-----
Conjurations   | 1 2 |  2.5
Summonings     | 1 |  1.0
Translocations | 1 |  1.0
Dodging        | |  1.5
Stealth        | |  1.5
Spellcasting   | |  4.3
Fire Magic     | |  0.6

Action                   || total
-------------------------++-------
Melee: Unarmed           ||     9
Throw: Tomahawk          ||     5
 Cast: Magic Dart        ||    80
  Use: Scroll            ||     2
Armor: Robe              ||    10
Dodge: Dodged            ||    24

Table legend:
 A = Spawn XP
 B = Non-spawn XP
 C = Spawn XP percentage of total XP
 D = Spawn monster count
 E = Non-spawn monster count
 F = Spawn count percentage of total count
 G = Total turns spent on level
                    A         B        C        D         E        F      G
               +---------+---------+-------+---------+---------+-------+---------
         Total |       0 |      90 |   0.0 |       0 |      38 |   0.0 |  1460
               +---------+---------+-------+---------+---------+-------+---------
           D:1 |       0 |      33 |   0.0 |       0 |      18 |   0.0 |   982
           D:2 |       0 |      57 |   0.0 |       0 |      20 |   0.0 |   478
               +---------+---------+-------+---------+---------+-------+---------
